Map: Lerilak Crest

Players

xKawaiian - Winner!

  • Race: Terran Terran
  • League: Master

Tiger

  • Race: Zerg Zerg
  • League: Grandmaster

VOD

Have the link to the VOD?

Description

Time

  • Played on: Jan. 12, 2016, 6:25 p.m.
  • Length: 9:42
Show
View Real Time Build Order
Export as new Build Order

xKawaiian Terran - Winner!

Build Orders: Reaper Expand, MMM Bio 

Get SALT Encoding   

  12  0:01  SCV  
  13  0:13  SCV  
  14  0:17  Supply Depot  
  14  0:25  SCV  
  15  0:39  SCV  
  15  0:41  Barracks  
  16  0:48  Refinery  
  16  0:51  SCV  
  17  1:03  SCV  
  18  1:15  SCV  
  19  1:29  Orbital Command  
  19  1:30  Reaper  
  20  1:39  Command Center  
  20  1:50  Supply Depot  
  20  1:54  SCV  
  21  2:03  Barracks Reactor  
  21  2:06  SCV  
  21  2:07  Barracks  
  22  2:16  Barracks  
  22  2:19  SCV  
  23  2:31  SCV  
  24  2:42  Marine x2  
  24  2:43  SCV  
  27  2:52  Orbital Command  
  27  2:55  SCV, Barracks Tech Lab  
  28  3:00  Marine x2  
  28  3:03  Marine  
  31  3:07  SCV  
  32  3:14  Factory  
  32  3:16  Refinery  
  32  3:18  Marine x2  
  32  3:19  SCV  
  35  3:21  Stimpack  
  35  3:24  SCV  
  36  3:27  Marine  
  36  3:31  SCV  
  38  3:36  Marine  
  38  3:37  Marine  
  38  3:39  Supply Depot, SCV  
  41  3:44  SCV  
  41  3:46  Marine x2  
  44  3:51  SCV  
  44  3:53  Marine  
  46  4:00  SCV  
  46  4:01  Starport  
  47  4:03  SCV  
  47  4:06  Factory Reactor, Marine x2  
  50  4:10  Supply Depot  
  50  4:12  SCV  
  50  4:13  Marine x2  
  50  4:15  SCV  
  54  4:28  Supply Depot  
  54  4:32  SCV x2, Marine x4  
  54  4:34  Supply Depot  
  60  4:46  Command Center  
  60  4:48  Medivac  
  60  4:50  Medivac, Marine x2  
  60  4:52  Marine x2  
  68  4:54  SCV  
  68  4:58  SCV  
  70  5:04  Supply Depot  
  70  5:07  Supply Depot, Marine x2  
  69  5:08  Factory Reactor  
  72  5:14  Barracks Reactor  
  72  5:15  Marine  
  72  5:16  SCV x2  
  72  5:20  Medivac  
  76  5:25  Marine x2  
  76  5:28  SCV x2  
  79  5:32  Marine  
  79  5:33  Engineering Bay  
  79  5:35  Engineering Bay  
  81  5:38  Combat Shields  
  81  5:40  SCV  
  82  5:43  Marine x2  
  82  5:45  Hellion x2  
  82  5:48  Refinery  
  88  5:50  Marine  
  88  5:51  Refinery  
  88  5:56  Marine x2  
  91  6:01  Medivac, Marine x2  
  92  6:06  Hellion  
  92  6:08  Marine  
  92  6:10  Terran Infantry Weapons Level 1, Hellion  
  96  6:13  SCV  
  96  6:14  Marine x2  
  96  6:18  SCV  
  100  6:30  Marine  
  100  6:31  Marine x2  
  100  6:32  Terran Infantry Armor Level 1  
  103  6:33  SCV x2  
  103  6:38  Barracks, Marine x2  
  103  6:39  Barracks  
  107  6:40  Orbital Command  
  107  6:45  SCV x2  
  109  6:49  Armory  
  109  6:52  Supply Depot  
  109  7:08  Marine  
  109  7:13  Medivac, Marine x2  
  109  7:14  Hellion x2  
  117  7:22  Concussive Shells  
  117  7:24  Supply Depot  
  117  7:27  Barracks Reactor, Supply Depot  
  117  7:29  Supply Depot  
  117  7:33  Barracks Tech Lab  
  117  7:39  Marine x2  
  117  7:40  SCV, Marine x2  
  117  7:45  Widow Mine  
  117  7:46  SCV x2, Marine  
  122  7:52  SCV  
  122  7:54  Marine  
  122  7:55  Medivac x2, Widow Mine  
  122  7:56  Marine  
  122  7:57  Marine x2  
  122  7:58  SCV, Marine  
  134  8:02  Missile Turret  
  134  8:04  Marine  
  134  8:05  Missile Turret  
  131  8:10  Marine x2  
  131  8:11  Marine  
  112  8:14  Marine  
  112  8:15  Marine x2  
  112  8:16  Marine  
  115  8:21  SCV x3, Marine  
  115  8:25  Factory, Starport, Medivac x2  
  122  8:28  Marine x2  
  122  8:32  Marine  
  122  8:33  Marine x3  
  117  8:41  Marine x2  
  118  8:47  Marine  
  115  8:49  Marine  
  115  8:53  SCV  
  117  8:57  Marine  
  117  8:58  Command Center, Marine  
  117  8:59  SCV  
  117  9:00  Widow Mine x2  
  117  9:01  Medivac  
  126  9:05  Refinery  
  126  9:06  Marine x2  
  126  9:07  Refinery  
  126  9:09  Starport Tech Lab  
  128  9:14  Marine x2  
  128  9:17  Marauder, Marine x2  
Show
View Real Time Build Order
Export as new Build Order

Tiger Zerg 

Build Orders: Hatch First, Muta Ling Bane 

Get SALT Encoding   

  12  0:01  Drone  
  13  0:12  Overlord  
  13  0:17  Drone  
  14  0:30  Drone x2  
  14  0:34  Drone  
  17  0:51  Hatchery  
  17  0:55  Drone  
  17  0:58  Drone  
  18  1:11  Extractor  
  17  1:13  Spawning Pool  
  17  1:17  Drone  
  17  1:20  Drone  
  18  1:27  Drone  
  19  1:41  Drone  
  20  1:49  Overlord  
  20  2:00  Queen  
  22  2:03  Queen  
  22  2:05  Zergling x2  
  22  2:06  Zergling x2  
  26  2:11  Drone  
  26  2:12  Metabolic Boost  
  26  2:15  Drone  
  28  2:22  Drone  
  28  2:37  Drone x3  
  28  2:38  Queen  
  28  2:42  Overlord  
  33  2:50  Drone  
  34  2:56  Drone  
  34  3:09  Drone x2  
  34  3:10  Drone x4  
  34  3:11  Drone  
  40  3:13  Zergling x2  
  40  3:14  Zergling x2  
  41  3:27  Zergling x4  
  42  3:36  Hatchery  
  42  3:38  Drone  
  42  3:39  Drone  
  43  3:43  Drone  
  43  3:46  Overlord  
  44  3:51  Overlord  
  44  3:55  Extractor  
  44  3:57  Extractor  
  42  4:08  Drone x7  
  49  4:10  Lair  
  49  4:15  Baneling Nest  
  48  4:19  Drone x2  
  48  4:21  Queen  
  53  4:24  Drone x2  
  53  4:27  Drone, Overlord  
  53  4:28  Zergling x2  
  53  4:29  Zergling x2  
  57  4:37  Zergling x4  
  59  4:39  Spine Crawler  
  58  4:46  Spine Crawler  
  58  4:49  Spine Crawler  
  58  4:50  Zergling x6  
  58  4:51  Queen  
  63  4:54  Drone  
  64  5:04  Baneling x5  
  64  5:05  Baneling  
  64  5:06  Drone x3  
  67  5:08  Drone x3  
  67  5:09  Drone  
  71  5:16  Overlord x2  
  71  5:21  Centrifical Hooks  
  71  5:25  Drone  
  73  5:28  Evolution Chamber, Drone  
  73  5:31  Drone  
  73  5:33  Evolution Chamber  
  72  5:37  Drone x2  
  72  5:38  Drone x4  
  78  5:49  Overlord  
  77  5:53  Drone x5, Extractor  
  77  5:54  Zergling x4, Extractor x2  
  81  6:01  Zergling x8  
  81  6:11  Zerg Melee Weapons Level 1  
  81  6:12  Zerg Ground Armor Level 1  
  81  6:13  Zergling x10  
  81  6:14  Zergling x2  
  87  6:19  Spine Crawler  
  87  6:25  Drone  
  86  6:36  Drone  
  86  6:37  Drone x6  
  93  6:46  Drone, Spire  
  93  6:47  Drone x5  
  93  6:49  Overlord  
  93  6:50  Hatchery  
  93  6:52  Overlord  
  94  7:14  Baneling x4  
  94  7:15  Baneling  
  94  7:18  Overlord x2  
  94  7:22  Pneumatized Carapace  
  94  7:28  Overlord  
  93  7:30  Zergling x24  
  102  7:48  Baneling x4  
  102  7:49  Baneling x3  
  102  8:01  Hatchery  
  95  8:09  Mutalisk x7  
  95  8:10  Mutalisk x9  
  95  8:11  Baneling  
  115  8:12  Baneling  
  107  8:32  Zergling x8  
  107  8:33  Zergling x8  
  106  8:40  Overlord  
  103  8:49  Overlord  
  103  8:50  Overlord  
  103  8:51  Overseer  
  103  8:52  Baneling x9  
  103  8:53  Baneling x7  
  103  8:54  Overlord  
  103  9:02  Zergling x2  
  104  9:04  Zergling x2  
  105  9:13  Mutalisk x2  
  105  9:15  Zergling x4  
  105  9:16  Zergling x2  
  110  9:21  Hatchery  
  98  9:32  Hatchery  
Tags
 
Add a new tag
Caveats
  • Supply blocks, unpowered buildings, or Contaminate may cause inaccurate times.
  • Supply counts are checked every 10 seconds.